 Dungeon Sprint DCSS version 0.30-a0-840-ga523dec638 (webtiles) character file.

Game seed: 1052225945117958826

115 NinjaNoafa the Grasshopper (level 4, -33/38 HPs)
             Began as an Armataur Warper on Mar 2, 2023.
             Was a Believer of Cheibriados.
             Annihilated by an ogre
             ... wielding a +0 giant spiked club
              (35 damage)
             ... in the Dungeon (Sprint VII: "The Pits").
             The game lasted 00:01:41 (101 turns).

NinjaNoafa the Grasshopper (Armataur Warper)         Turns: 101, Time: 00:01:42

Health: -33/38     AC:  4    Str: 20    XL:     4   Next: 68%
Magic:  5/11       EV:  9    Int: 20    God:    Cheibriados [**....]
Gold:   0          SH:  0    Dex: 13    Spells: 9/13 levels left

rFire   . . .      SeeInvis .    a - +2 quarterstaff
rCold   . . .      Faith    .    (shield currently unavailable)
rNeg    . . .      Spirit   .    b - +0 leather armour
rPois   .          Reflect  .    (no helmet)
rElec   .          Harm     .    (no cloak)
rCorr   .          Roll     +    (no gloves)
Will    .....      NoTele   +    (no barding)
Stlth   +                        (no amulet)
HPRegen 0.26/turn                (no ring)
MPRegen 0.12/turn                (no ring)

@: on blink cooldown, very slow
A: large, rugged brown scales 3, deformed body, armoured tail, roll, long
tongue, awkward tongue
a: Renounce Religion, Bend Time


You were in the Dungeon.
You worshipped Cheibriados.
Cheibriados was pleased with you.
You visited 1 branch

Inventory:

Hand Weapons
 a - a +2 quarterstaff (weapon)
Missiles
 d - 7 boomerangs of dispersal (quivered)
Armour
 b - a +0 leather armour (worn)
Scrolls
 c - 2 scrolls of blinking
 k - 5 scrolls of amnesia
 l - a scroll of summoning
 m - 2 scrolls of vulnerability
Potions
 e - a potion of curing
 f - a potion of heal wounds
 g - a potion of haste
 h - 4 potions of magic
 i - 3 potions of berserk rage
 j - 2 potions of invisibility


   Skills:
 - Level 1.7 Fighting
 - Level 1.7(3.2) Maces & Flails
 + Level 4.2(4.4) Staves
 - Level 0.8 Throwing
 - Level 1.2 Armour
 - Level 1.3 Dodging
 + Level 5.0 Spellcasting
 + Level 6.4 Translocations


You had 9 spell levels left.
You knew the following spells:

 Your Spells              Type           Power      Damage    Failure   Level
a - Blink                 Tloc           60%        N/A       1%          2
b - Lesser Beckoning      Tloc           60%        N/A       1%          2

Your spell library contained the following spells:

 Spells                   Type           Power      Damage    Failure   Level
 Teleport Other           Tloc           30%        N/A       3%          3
 Manifold Assault         Tloc           30%        N/A       10%         4
 Vhi's Electric Charge    Tloc/Air       34%        N/A       11%         3


Dungeon Overview and Level Annotations

Branches:
Dungeon (1/1)

Altars:
Ashenzari
Cheibriados
Dithmenos
Elyvilon
Fedhas
Gozag
Hepliaklqana
Kikubaaqudgha
Makhleb
Nemelex Xobeh
Okawaru
Qazlal
Ru
Sif Muna
Trog
Uskayaw
Vehumet
Wu Jian
Xom
Yredelemnul
Zin
The Shining One
Jiyva
Lugonu


Innate Abilities, Weirdness & Mutations

You are completely covered in rugged brown scales. (AC +3, +7% HP)
Armour fits poorly on your strangely shaped body.
You have a long armoured tail.
You roll when moving toward enemies. (Rampage)
Your long tongue fully drains potion bottles. (2x potion effects)
Your tongue gives you trouble enunciating. (1.5x scroll delay)


Message History

Cheibriados appreciates the change of pace.
You see here a ball python corpse.
You open the door.
Unknown command.
A ball python and a bat come into view.
The ball python hisses angrily.
The bat closely misses you.
There is an open door here.
Unknown command.
You roll towards the bat!
An ogre and a kobold come into view.
You sock the bat!
You kill the bat!
Cheibriados thoroughly appreciates the change of pace.
Cheibriados raises the support of your attributes as your movement slows.
The kobold throws a stone.
The stone hits you but does no damage.
Your Spellcasting skill increases to level 5!
Unknown command.
You roll towards the ball python!
You closely miss the ball python. The ball python barely misses you.
The ball python bites you but does no damage.
The ball python attacks as you move away!
The ball python barely misses you.
The ogre hits you with a +0 giant spiked club!!
Ouch! That really hurt!
* * * LOW HITPOINT WARNING * * *
Casting: Blink (safe; 1% risk of failure)
Confirm with . or Enter, or press ? or * to list all spells.
You blink.
The ball python bites you but does no damage.
The ogre hits you with a +0 giant spiked club.
* * * LOW HITPOINT WARNING * * *
The kobold hits you but does no damage.
The ball python bites you but does no damage.
The ogre attacks as you move away! The ogre barely misses you.
The ball python bites you but does no damage.
The ogre attacks as you move away!
The ogre hits you with a +0 giant spiked club!!
Ouch! That really hurt!
You die...

#+#####)#####......#..#
#..#..# #..........
#..'..# ####'#####+
#.†#### #.......#
#..#..# #.......#
#..#..# #.......#
##'#..#+###...<...#
#..OSK...##.......#
#...@....##.......#
###########.......#
#########


You could see an ogre, a ball python and a kobold.

Vanquished Creatures
  A floating eye (D)
  An adder (D)
  A bat (D)
  A kobold (D)
  2 ball pythons (D)
  A rat (D)
7 creatures vanquished.

Notes
Turn   | Place    | Note
-------+----------+-------------------------------------------
     0 | D        | NinjaNoafa the Armataur Warper began the quest for the Orb.
     0 | D        | Reached XP level 1. HP: 18/18 MP: 3/3
    11 | D        | Reached skill level 4 in Translocations
    11 | D        | Reached XP level 2. HP: 25/25 MP: 3/5
    16 | D        | Learned a level 2 spell: Blink
    19 | D        | Learned a level 2 spell: Lesser Beckoning
    46 | D        | Found a bloodstained altar of Trog.
    46 | D        | Found a shimmering blue altar of Sif Muna.
    46 | D        | Found a viscous altar of Jiyva.
    46 | D        | Found a hazy altar of Hepliaklqana.
    46 | D        | Found an opulent altar of Gozag.
    47 | D        | Found a glowing golden altar of the Shining One.
    47 | D        | Found a glowing silver altar of Zin.
    47 | D        | Found a basalt altar of Yredelemnul.
    47 | D        | Found a shimmering altar of Xom.
    47 | D        | Found an ornate altar of the Wu Jian Council.
    47 | D        | Found a sacrificial altar of Ru.
    47 | D        | Found a stormy altar of Qazlal.
    47 | D        | Found an iron altar of Okawaru.
    47 | D        | Found a sparkling altar of Nemelex Xobeh.
    47 | D        | Found a burning altar of Makhleb.
    47 | D        | Found a blossoming altar of Fedhas.
    47 | D        | Found a white marble altar of Elyvilon.
    47 | D        | Found a shadowy altar of Dithmenos.
    47 | D        | Found a snail-covered altar of Cheibriados.
    48 | D        | Found a radiant altar of Vehumet.
    48 | D        | Found a corrupted altar of Lugonu.
    49 | D        | Found a hide-covered altar of Uskayaw.
    49 | D        | Found an ancient bone altar of Kikubaaqudgha.
    49 | D        | Found a broken altar of Ashenzari.
    55 | D        | Became a worshipper of Cheibriados the Contemplative
    78 | D        | Noticed a floating eye
    80 | D        | Paralysed by a floating eye for 3 turns
    84 | D        | Reached * piety under Cheibriados
    85 | D        | Killed a floating eye
    86 | D        | Reached skill level 6 in Translocations
    86 | D        | Reached XP level 3. HP: 22/31 MP: 5/9
    86 | D        | Reached XP level 4. HP: 28/38 MP: 5/10
    96 | D        | Noticed an ogre
    96 | D        | Reached ** piety under Cheibriados
    97 | D        | Reached skill level 5 in Spellcasting
    99 | D        | HP: 1/38 [ogre/+0 giant spiked club (5)]
   101 | D        | Annihilated by an ogre

Illustrated notes

Levels and vault maps discovered:
D:        pitsprint [storerooms_1, entrance_room_1, metal_vault_3, armoury_2,
          mini_pit_1, grid_room_1, main_hall_1, silver_pit, the_coven_1,
          the_vestibule_1, steel_vault_2, golden_pit, hallway_of_sentries,
          crystal_vault_4, iron_vault_3, final_vault]

Skill      XL: |  1  2  3  4 |
---------------+-------------+-----
Spellcasting   | 2 4 5 |  5.0
Translocations | 4 6 |  6.4
Staves         | 4 |  4.2
Fighting       | |  1.7
Maces & Flails | |  1.7
Throwing       | |  0.8
Armour         | |  1.2
Dodging        | |  1.3

Action                     |  1- 3 |  4- 6 || total
---------------------------+-------+-------++-------
  Melee: Mace              |     2 |       ||     2
         Quarterstaff      |     6 |     3 ||     9
         Tailslap          |     1 |       ||     1
   Cast: Blink             |     1 |     1 ||     2
 Armour: Leather armour    |     1 |     6 ||     7
  Dodge: Dodged            |     2 |     4 ||     6

Table legend: (Time is in decaauts)
 A = Elapsed time spent in this place.
 B = Non-inter-level travel time spent in this place.
 C = Inter-level travel time spent in this place.
 D = Time resting spent in this place.
 E = Time spent auto-exploring this place.
 F = Levels seen in this place.
 G = Mean time per level.
                   A        B        C        D        E       F      G
               +--------+--------+--------+--------+--------+-----+--------+
         Total |    112 |     96 |     16 |      0 |      0 |   1 |  112.0 |
       Dungeon |    112 |     96 |     16 |      0 |      0 |   1 |  112.0 |
               +--------+--------+--------+--------+--------+-----+--------+

Top non-repeatable levels by time:
       D: 112 daAuts
